AoeStats
← tony le gros rou

Lombardia

507585785Analyzed
4v4 RM · 12d ago on Sep 18, 2026· 22m 27s· 8 players
Game mode
Random Map
Map size
Large (8 player)
Population
200
Speed
Normal
Resources
Standard
Victory
Conquest
Starting age
Dark Age
Ending age
Imperial Age
RankedLock teamsTeams togetherTeam positionsShared explorationLock speedFull tech treeHidden civsTurbo modeCheats
Victory
Defeat
🇺🇸 Tatars · United States
1651
+11
🇦🇷 Persians · Argentina
1631
+11
🇦🇷 Britons · Argentina
1540
+15
🇦🇷 Magyars · Argentina
1518
+16
🇫🇷 Armenians · France
1589
-16
🇫🇷 Britons · France
1538
-14
🇫🇷 Poles · France
1486
-12
🇩🇪 Saracens · Germany
1476
-11
PeRe$ | Guilled
6:26 Loom
9:05 Feudal Age
10:06 Double-Bit Axe
15:50 Scale Barding Armor
18:36 Bloodlines
19:07 Wheelbarrow
22:49 Castle Age
Ohlan100
9:25 Loom
11:39 Feudal Age
15:19 Castle Age
13:13 Double-Bit Axe
14:12 Fletching
15:58 Bodkin Arrow
16:25 Padded Archer Armor
18:46 Ballistics
22:23 Husbandry
Konigs
8:22 Loom
10:36 Feudal Age
12:22 Double-Bit Axe
15:31 Castle Age
13:49 Horse Collar
14:06 Gold Mining
14:44 Fletching
15:37 Crossbowman
21:10 Wheelbarrow
22:34 Ballistics
BTJ | Leoqueen
5:46 Loom
8:54 Feudal Age
9:19 Double-Bit Axe
19:33 Wheelbarrow
23:14 Castle Age
21:18 Horse Collar
22:04 Bloodlines
22:00 Gold Mining
22:52 Scale Barding Armor
23:10 Forging
ccereal
5:16 Loom
7:58 Feudal Age
9:15 Double-Bit Axe
12:09 Fletching
21:34 Castle Age
19:49 Horse Collar
20:55 Gold Mining
21:40 Crossbowman
p0n0n0
6:30 Loom
9:02 Feudal Age
9:51 Double-Bit Axe
11:27 Horse Collar
17:53 Scale Barding Armor
22:33 Wheelbarrow
22:23 Forging
Frorok
5:45 Loom
10:53 Feudal Age
10:56 Man-at-Arms
11:23 Double-Bit Axe
12:08 Arson
17:31 Long Swordsman
19:00 Wheelbarrow
tony le gros rou
10:27 Feudal Age
14:38 Castle Age
12:45 Double-Bit Axe
15:19 Scale Barding Armor
16:39 Horse Collar
Connection lost

Rejoining the realm…

Still unreachable

The connection could not be restored.

Session expired

The server has moved on; the page needs a fresh start.